 Dungeon Crawl Stone Soup version 0.20-a0-618-gbb8d3ca (webtiles) character file.

172 M4edhros the Sneak (level 5, -4/33 HPs)
             Began as an Octopode Artificer on Feb 9, 2017.
             Slain by a centaur (8 damage)
             ... on level 5 of the Dungeon.
             The game lasted 00:01:23 (1662 turns).

M4edhros the Sneak (Octopode Artificer)             Turns: 1662, Time: 00:01:23

Health: -4/33      AC:  1    Str: 11    XL:     5   Next: 52%
Magic:  7/7        EV: 13    Int: 13    God:
Gold:   150        SH:  0    Dex: 14    Spells: 4/4 levels left

rFire    . . .     SeeInvis .   a - +0 short sword
rCold    . . .     Gourm    .   (no shield)
rNeg     . . .     Faith    .   (helmet restricted)
rPois    .         Spirit   .   (no amulet)
rElec    .         Reflect  .   (no ring)
rCorr    .         Harm     .   (no ring)
MR       .....                  (no ring)
Stlth    +++++.....             (no ring)
Regen    0.2/turn               (no ring)
                                (no ring)
                                (no ring)
                                (no ring)

@: no status effects
A: almost no armour, stealthy swim, amphibious, 8 rings, constrict 8, camouflage
1, gelatinous body 1
a: no special abilities


You were on level 5 of the Dungeon.
You were very hungry.

You visited 1 branch of the dungeon, and saw 5 of its levels.

You collected 150 gold pieces.

Inventory:

Hand Weapons
 a - a +0 short sword (weapon)
Wands
 b - a wand of flame (14/48)
 c - a wand of enslavement (14/24)
 d - a wand of random effects (15/48)
 o - a wand of clouds (4/9)
Scrolls
 g - a scroll of immolation {unknown}
 h - 2 scrolls of fear {unknown}
 i - a scroll of blinking {unknown}
 j - 3 scrolls of remove curse {unknown}
 k - a scroll of enchant armour {unknown}
 n - 2 scrolls of magic mapping {unknown}
 r - a scroll of identify {unknown}
 s - a scroll of fog {unknown}
Potions
 e - 2 potions of heal wounds {unknown}
 l - 2 potions of ambrosia {unknown}
 m - a potion of might {unknown}
 q - a potion of flight {unknown}
 t - 2 potions of haste {unknown}
Comestibles
 f - 3 bread rations
 p - 3 royal jellies


   Skills:
 - Level 1.0 Fighting
 - Level 1.0 Short Blades
 - Level 2.0 Dodging
 + Level 7.5 Stealth
 - Level 3.2 Evocations


You had 4 spell levels left.
You didn't know any spells.

Dungeon Overview and Level Annotations

Branches:
Dungeon (5/15)
 Temple: D:4-7

Altars:
Makhleb
Ru

Annotations:
D:4 Kiturien's ghost, novice HOFi


Innate Abilities, Weirdness & Mutations

You cannot wear most types of armour.
You are very stealthy in the water. (Stealth+)
You are amphibious.
You can wear up to eight rings at the same time.
You can use your tentacles to constrict eight enemies at once.
Your skin changes colour to match your surroundings (Stealth+).
Your rubbery body absorbs attacks. (AC +1, EV +1)


Message History

Evoke which item? (* to show all) (? for menu, Esc to quit)
Aiming: Throw Flame
Press: ? - help, Shift-Dir - straight line, f - centaur
Aim: a centaur (lightly wounded)
The puff of flame hits the centaur.
The centaur is moderately wounded.
This wand has 14 charges left.
The centaur misses you. The centaur hits you!
* * * LOW HITPOINT WARNING * * *
Evoke which item? (* to show all) (? for menu, Esc to quit)
Aiming: Throw Flame
Press: ? - help, Shift-Dir - straight line, f/p - centaur
Aim: a centaur (moderately wounded)
Okay, then.
Evoke which item? (* to show all) (? for menu, Esc to quit)
Aiming: Enslavement
Press: ? - help, Shift-Dir - straight line, f/p - centaur
Aim: a centaur (moderately wounded, chance to defeat MR: 55%)
The centaur resists with significant effort.
This wand has 14 charges left.
The centaur hits you!
You die...

## ##[ .## #.#### .#
#.## #.##.# .#
#..###.#.## .#
#.#..#...# .#
#.#......## .#####.
._....#...##
###.......
#.#..####..####......#
....## ##((.$.(@c.#
....# ##..##..###
...## #...#(.# ...#
#....#.## ....
#......## ###.
...###.## # ...# ##
...


You could see a centaur.

Vanquished Creatures
  A bullfrog (D:4)
  2 worker ants (D:4)
  An adder (D:4)
  2 oozes (D:2)
  2 worms
  3 leopard geckos
  4 orcs (D:4)
  2 bats (D:1)
  2 giant cockroaches (D:2)
  A goblin (D:1)
  2 hobgoblins
  4 jackals (D:2)
  5 frilled lizards
  A kobold (D:1)
  A leopard gecko skeleton (D:5)
  A quokka skeleton (D:4)
  3 rats
37 creatures vanquished.

Notes
Turn   | Place    | Note
-------+----------+-------------------------------------------
     0 | D:1      | M4edhros the Octopode Artificer began the quest for the Orb.
     0 | D:1      | Reached XP level 1. HP: 13/13 MP: 3/3
    52 | D:1      | Reached skill level 2 in Stealth
   126 | D:2      | Reached XP level 2. HP: 18/18 MP: 4/4
   128 | D:2      | Reached skill level 3 in Stealth
   249 | D:2      | Reached skill level 4 in Stealth
   249 | D:2      | Reached XP level 3. HP: 10/23 MP: 5/5
   703 | D:4      | Reached skill level 5 in Stealth
   703 | D:4      | Reached XP level 4. HP: 28/28 MP: 6/6
   747 | D:4      | Noticed a bullfrog
   753 | D:4      | Reached skill level 6 in Stealth
   758 | D:4      | Killed a bullfrog
   758 | D:4      | Reached skill level 7 in Stealth
   758 | D:4      | Reached XP level 5. HP: 24/33 MP: 7/7
   801 | D:4      | Noticed Kiturien's ghost (novice HOFi)
   803 | D:4      | Noticed an ogre
  1460 | D:5      | Entered Level 5 of the Dungeon
  1558 | D:5      | Found a sacrificial altar of Ru.
  1624 | D:5      | Found a burning altar of Makhleb.
  1653 | D:5      | Noticed a centaur
  1662 | D:5      | Slain by a centaur

Vault maps used:
D:1:      dpeg_arrival_stone_temple_mockup
D:3:      first_bread, chequers_ecumenical_altar_simple_redux
D:5:      lemuel_round_altar, lemuel_crystal_altar, kennysheep_mini_moat,
          gammafunk_temple_overflow_elements, temple_pool_b, serial_shops,
          kennysheep_mini

Skill      XL: |  1  2  3  4 |
---------------+-------------+-----
Stealth        | 2 4 5 7 |  7.5
Fighting       | |  1.0
Short Blades   | |  1.0
Dodging        | |  2.0
Evocations     | |  3.2

Action                   |  1- 3 |  4- 6 || total
-------------------------+-------+-------++-------
Melee: Short sword       |    39 |    39 ||    78
       Constrict         |    10 |     9 ||    19
       Tentacles         |    13 |     5 ||    18
Evoke: Wand              |       |     2 ||     2
 Stab: Sleeping          |     8 |     5 ||    13
       Distracted        |       |     1 ||     1
  Eat: Chunk             |       |     1 ||     1
Armor: Skin              |     1 |     2 ||     3
Dodge: Dodged            |     9 |    26 ||    35
